 Dungeon Crawl Stone Soup version 0.28.0-45-g0d030f2227 (webtiles) character file.

Game seed: 10916399658936282805

265 brightshaft the Firebug (level 6, -13/45 HPs)
             Began as a Hill Orc Fire Elementalist on Apr 17, 2022.
             Mangled by a mummy (17 damage)
             ... in an ossuary.
             The game lasted 00:07:09 (3868 turns).

brightshaft the Firebug (HOFE)                      Turns: 3868, Time: 00:07:10

Health: -13/45     AC:  3    Str: 11    XL:     6   Next: 20%
Magic:  6/10       EV: 12    Int: 17    God:
Gold:   173        SH:  0    Dex: 11    Spells: 4/10 levels left

rFire   . . .      SeeInvis .   o - +4 hand axe (vorpal)
rCold   . . .      Faith    .   (no shield)
rNeg    . . .      Spirit   .   a - +0 robe
rPois   .          Reflect  .   (no helmet)
rElec   .          Harm     .   (no cloak)
rCorr   .          Rampage  .   d - +0 pair of gloves
Will    .....                   (no boots)
Stlth   ++........              (no amulet)
HPRegen 0.15/turn               b - +4 ring of slaying
MPRegen 0.12/turn               (no ring)

@: no status effects
A: no striking features
a: no special abilities


You were in an ossuary.
You visited 1 branch of the dungeon, and saw 4 of its levels.
You also visited: Ossuary.

You collected 173 gold pieces.

Inventory:

Hand Weapons
 o - a +4 vorpal hand axe (weapon)
Armour
 a - a +0 robe (worn)
 d - a +0 pair of gloves (worn)
 k - a +0 chain mail
Jewellery
 b - a +4 ring of slaying (left hand)
Scrolls
 c - a scroll of noise {unknown}
 e - 3 scrolls of identify {unknown}
 f - a scroll of magic mapping {unknown}
 h - a scroll of teleportation {unknown}
 l - a scroll of torment {unknown}
 n - a scroll of vulnerability {unknown}
Potions
 g - a potion of ambrosia {unknown}
 i - a potion of flight {unknown}
 j - 3 potions of haste {unknown}
 m - a potion of lignification {unknown}


   Skills:
 - Level 1.5 Dodging
 - Level 1.6 Stealth
 + Level 2.7 Spellcasting
 - Level 1.9 Conjurations
 + Level 1.8 Hexes
 * Level 5.8 Fire Magic


You had 4 spell levels left.
You knew the following spells:

 Your Spells              Type           Power      Damage    Failure   Level
a - Foxfire               Conj/Fire      60%        2x1d7     3%          1
b - Scorch                Fire           44%        2d7       2%          2
c - Inner Flame           Hex/Fire       15%        N/A       11%         3

Your spell library contained the following spells:

 Spells                   Type           Power      Damage    Failure   Level
 Conjure Flame            Conj/Fire      15%        6-21      11%         3
 Flame Wave               Conj/Fire      15%        2d6       36%         4


Dungeon Overview and Level Annotations

Branches:
Dungeon (4/15)            Ossuary (1/1)
 Temple: D:4-7

Altars:

Annotations:
D:3 3 runed translucent doors, issech's ghost, amateur TrMo


Message History

You destroy the mummy!
You hit the mummy. The mummy hits you!
You have reached level 6!
You slash the mummy!
The mummy is heavily damaged.
You hit the mummy.
You destroy the mummy!
The mummy barely misses you.
You hit the mummy.
The mummy is almost destroyed.
You slash the mummy!
You destroy the mummy!
Unknown command.
You slash the hobgoblin zombie!
You destroy the hobgoblin zombie! 2 mummies come into view.
You hit the mummy but do no damage. The mummy hits you.
You hit the mummy but do no damage. You barely miss the mummy.
The mummy barely misses you.
You hit the mummy.
The mummy is moderately damaged.
The mummy closely misses you.
You slash the mummy!
You destroy the mummy!
You slash the mummy!
The mummy is severely damaged.
You hit the mummy. The mummy hits you. The mummy hits you!
You barely miss the mummy.
The mummy is severely damaged.
You hit the mummy. You hit the mummy but do no damage.
The mummy is severely damaged.
You hit the mummy but do no damage. The mummy barely misses you.
The mummy hits you!
* * * LOW HITPOINT WARNING * * *
You barely miss the mummy.
The mummy is severely damaged.
You closely miss the mummy. The mummy hits you but does no damage.
The mummy hits you!
You die...

.# .. #### ...
... ##..## ....
....##....##....
...............
...............
......M@M.....#
+##........##+#
##......##
##....## #....#
#....# #....#
#....# #....#


You could see 2 mummies.

Vanquished Creatures
  A scorpion (D:4)
  An orc priest (D:3)
  Jessica (D:2)
  4 mummies (Ossuary)
  An adder (D:2)
  An adder skeleton (D:2)
  2 worms (D:2)
  5 dart slugs
  3 orcs
  7 endoplasms
  2 giant cockroaches (D:2)
  A gnoll zombie (Ossuary)
  3 goblins (D:3)
  6 hobgoblins
  4 jackals (D:3)
  9 kobolds
  A quokka (D:3)
  3 ball pythons
  7 bats
  4 frilled lizards
  2 hobgoblin zombies (Ossuary)
  4 kobold zombies (Ossuary)
  An orc zombie (Ossuary)
  5 rats
78 creatures vanquished.

Vanquished Creatures (others)
  99 foxfires
99 creatures vanquished.

Grand Total: 177 creatures vanquished

Notes
Turn   | Place    | Note
-------+----------+-------------------------------------------
     0 | D:1      | brightshaft the Hill Orc Fire Elementalist began the quest
                  | for the Orb.
     0 | D:1      | Reached XP level 1. HP: 14/14 MP: 3/3
   306 | D:1      | Reached XP level 2. HP: 10/20 MP: 4/4
   480 | D:1      | Learned a level 2 spell: Scorch
  1189 | D:2      | Reached XP level 3. HP: 26/26 MP: 5/5
  1191 | D:2      | Reached skill level 4 in Fire Magic
  1746 | D:2      | Found a faded altar of an unknown god.
  1892 | D:2      | Noticed Jessica
  2185 | D:2      | Killed Jessica
  2186 | D:2      | Reached XP level 4. HP: 33/33 MP: 2/7
  2252 | D:2      | Identified the +1 spear of Mayhem {holy, +Blink rElec Str-2
                  | Dex+4}
  2519 | D:2      | Learned a level 3 spell: Inner Flame
  3095 | D:3      | Reached skill level 5 in Fire Magic
  3095 | D:3      | Reached XP level 5. HP: 13/38 MP: 0/8
  3415 | D:3      | Found a runed translucent gate.
  3415 | D:3      | Found a runed translucent gate.
  3416 | D:3      | Found a runed translucent gate.
  3434 | D:3      | Noticed issech's ghost (amateur TrMo)
  3576 | D:3      | Reached skill level 1 in Hexes
  3784 | D:4      | Found a sand-covered staircase.
  3797 | Ossuary  | Entered an ossuary
  3846 | Ossuary  | Reached XP level 6. HP: 31/45 MP: 3/9
  3868 | Ossuary  | Mangled by a mummy

Illustrated notes

Levels and vault maps discovered:
D:1:      tarquinn_simple_flora_water_f, layout_rooms
D:2:      layout_loops_corners, hellmonk_ecumenical_altar_leap_of_faith,
          uniq_jessica
D:3:      layout_basic, gammafunk_ghost_split, nicolae_figureground_pulse
D:4:      layout_gridville, jmf_multi_god_temple2, serial_shops, shop_fountains,
          nicolae_ossuary_entry_monument, minmay_checkerbox
Ossuary:  ossuary_tomb_3

Skill      XL: |  1  2  3  4  5 |
---------------+----------------+-----
Fire Magic     | 4 5 |  5.8
Spellcasting   | 2 |  2.7
Hexes          | 1 |  1.8
Dodging        | |  1.5
Stealth        | |  1.6
Conjurations   | |  1.9

Action                   |  1- 3 |  4- 6 || total
-------------------------+-------+-------++-------
Melee: Unarmed           |    13 |       ||    13
       Punch             |     2 |     1 ||     3
       Short sword       |    22 |       ||    22
       Hand axe          |    23 |    85 ||   108
 Cast: Foxfire           |    46 |    11 ||    57
       Scorch            |     5 |     4 ||     9
 Stab: Sleeping          |     2 |     1 ||     3
Armor: Robe              |    11 |    21 ||    32
Dodge: Dodged            |    44 |    54 ||    98
